 Dungeon Crawl Stone Soup version 0.31-a0-208-gdb31a4691d (webtiles) character file.

Game seed: 17750956843758921200

51 zazu2006 the Thaumaturge (level 3, -2/26 HPs)
             Began as a Gnoll Wanderer on June 28, 2023.
             Slain by an orc
             ... wielding a +0 trident
              (4 damage)
             ... on level 3 of the Dungeon.
             The game lasted 00:03:24 (1683 turns).

zazu2006 the Thaumaturge (Gnoll Wanderer)           Turns: 1683, Time: 00:03:24

Health: -2/26      AC:  2    Str: 13    XL:     3   Next: 83%
Magic:  13/13      EV: 11    Int: 13    God:
Gold:   141        SH:  0    Dex:  9    Spells: 20/20 levels left

rFire   . . .        f - +0 dagger (freeze)
rCold   . . .        i - orb {light}
rNeg    . . .        c - +0 robe
rPois   .            (no helmet)
rElec   .            (no cloak)
rCorr   .            (no gloves)
SInv    .            (no boots)
Will    .....        (no amulet)
Stlth   +            (no ring)
HPRegen 0.24/turn    (no ring)
MPRegen 0.13/turn

%: no passive effects
@: glowing
A: fangs 1, strong nose, distributed training
a: no special abilities


You were on level 3 of the Dungeon.
You visited 1 branch of the dungeon, and saw 3 of its levels.

You collected 141 gold pieces.

Inventory:

Hand Weapons
 f - a +0 dagger of freezing (weapon)
Armour
 c - a +0 robe (worn)
 i - an orb of light (worn)
 m - a +0 buckler
Wands
 l - a wand of acid (9)
Scrolls
 a - 2 scrolls of identify {unknown}
 b - 5 scrolls of fear
 e - a scroll of teleportation {unknown}
 k - a scroll of acquirement {unknown}
Potions
 j - a potion of haste {unknown}
Miscellaneous
 d - a piece from Xom's chessboard (2/15) (quivered)


   Skills:
 + Level 1.0 Fighting
 + Level 1.0 Short Blades
 + Level 1.0 Long Blades
 + Level 1.0 Axes
 + Level 1.0 Maces & Flails
 + Level 1.0 Polearms
 + Level 1.0 Staves
 + Level 1.0 Ranged Weapons
 + Level 1.0 Throwing
 + Level 1.0 Armour
 + Level 1.0 Dodging
 + Level 1.0 Stealth
 + Level 1.0 Shields
 + Level 1.0 Unarmed Combat
 + Level 9.3 Spellcasting
 + Level 0.7 Conjurations
 + Level 0.7 Hexes
 + Level 3.8 Summonings
 + Level 0.7 Necromancy
 + Level 0.7 Translocations
 + Level 0.7 Transmutations
 + Level 0.7 Fire Magic
 + Level 0.7 Ice Magic
 + Level 0.7 Air Magic
 + Level 0.7 Earth Magic
 + Level 0.7 Poison Magic
 + Level 1.1 Invocations
 + Level 8.5 Evocations


You had 20 spell levels left.
You didn't know any spells.
Your spell library contained the following spells:

 Spells                   Type           Power      Damage    Failure   Level
 Summon Small Mammal      Summ           64%        N/A       2%          1
 Call Imp                 Summ           32%        N/A       3%          2
 Call Canine Familiar     Summ           16%        N/A       8%          3
 Slow                     Hex            32%        N/A       9%          1
 Lesser Beckoning         Tloc           16%        N/A       13%         2
 Dazzling Flash           Conj/Hex       16%        N/A       26%         3
 Gell's Gravitas          Tloc           8%         N/A       26%         3
 Ozocubu's Armour         Ice            8%         N/A       26%         3
 Teleport Other           Tloc           8%         N/A       26%         3
 Ozocubu's Refrigeration  Ice            4%         4d8       100%        7


Dungeon Overview and Level Annotations

Branches:
Dungeon (3/15)

Altars:


Innate Abilities, Weirdness & Mutations

You have very sharp teeth.
Your uncanny sense of smell can sniff out nearby items.
Your experience applies equally to all skills.


Message History

The kobold hits you with a +0 club.
There is a stone staircase leading up here.
The hobgoblin hits you.
The kobold throws a stone.
The stone hits you. The kobold hits you with a +0 club.
You climb upwards.
There is a stone staircase leading down here.
Things that are here:
a +0 leather armour; a +0 club; an orc corpse You hit the hobgoblin.
You freeze the hobgoblin.
The hobgoblin is heavily wounded.
The hobgoblin hits you.
You make a move on Xom's chessboard...
The hobgoblin barely resists.
The hobgoblin hits you.
Unknown command.
Unknown command.
You hit the hobgoblin. You freeze the hobgoblin.
You kill the hobgoblin!
You hit the kobold but do no damage. The kobold hits you with a +0 club.
You barely miss the kobold. The kobold barely misses you.
You hit the kobold. You freeze the kobold.
You kill the kobold!
There is a stone staircase leading down here.
Items here: )) [ †††.
You start resting.
HP restored.
You climb downwards.
The ball python barely misses you. The ball python closely misses you.
The orc hits you with a +0 flail. The orc hits you with a +0 hand axe.
The orc closely misses you. The ball python bites you.
The ball python grabs you. The ball python constricts you.
The orc hits you from afar with a +0 trident.
The orc hits you with a +0 hand axe. The orc hits you with a +0 flail.
The orc barely misses you.
There is a stone staircase leading up, spattered with blood here.
You escape the ball python's grasp.
The ball python closely misses you. x2
The orc hits you with a +0 hand axe. The orc hits you with a +0 flail!
* * * LOW HITPOINT WARNING * * *
The orc closely misses you.
The orc hits you from afar with a +0 trident.
You die...

## # #### .#.#
# #.#.#
##.#.#.#.#.#.
#.#...#.#.#.#
##.......#.#
#.........#.#
...#.o8o8....#
#...go@S...#
#.#..8o8..#.#
#)...K.....#
#.#.....(.#.#
##.......#.#.#
##.....#.#.#.
.......#.#.#
##.#.#.# #.#.


You could see 4 orcs, a goblin, a ball python and a kobold.

Vanquished Creatures
  An adder (D:2)
  A dart slug (D:2)
  An orc (D:2)
  5 endoplasms
  2 giant cockroaches
  2 goblins
  5 hobgoblins
  3 jackals (D:2)
  3 quokkas (D:1)
  2 ball pythons
  3 bats (D:1)
  4 kobolds
  2 rats (D:1)
34 creatures vanquished.

Notes
Turn   | Place    | Note
-------+----------+-------------------------------------------
     0 | D:1      | Reached skill level 9 in Spellcasting
     0 | D:1      | zazu2006 the Gnoll Wanderer began the quest for the Orb.
     0 | D:1      | zazu2006 set off with the following items: a +0 club, a
                  | scroll of fear, a +0 robe, a piece from Xom's chessboard
                  | (15/15); and the following spells available to memorise:
                  | Summon Small Mammal, Call Imp, Call Canine Familiar, Slow,
                  | Dazzling Flash.
     0 | D:1      | Reached XP level 1. HP: 13/13 MP: 10/10
   254 | D:1      | Reached XP level 2. HP: 19/19 MP: 12/12
  1028 | D:2      | Reached XP level 3. HP: 25/25 MP: 13/13
  1320 | D:2      | Reached skill level 1 in Invocations
  1573 | D:2      | Reached skill level 1 in Fighting
  1573 | D:2      | Reached skill level 1 in Short Blades
  1573 | D:2      | Reached skill level 1 in Long Blades
  1573 | D:2      | Reached skill level 1 in Axes
  1573 | D:2      | Reached skill level 1 in Maces & Flails
  1573 | D:2      | Reached skill level 1 in Polearms
  1573 | D:2      | Reached skill level 1 in Staves
  1573 | D:2      | Reached skill level 1 in Ranged Weapons
  1573 | D:2      | Reached skill level 1 in Throwing
  1573 | D:2      | Reached skill level 1 in Armour
  1573 | D:2      | Reached skill level 1 in Dodging
  1573 | D:2      | Reached skill level 1 in Stealth
  1573 | D:2      | Reached skill level 1 in Shields
  1573 | D:2      | Reached skill level 1 in Unarmed Combat
  1683 | D:3      | Slain by an orc

Illustrated notes

Levels and vault maps discovered:
D:1:      dpeg_arrival_stonehenge_8_columns, layout_basic, minmay_hexomino_p4
D:2:      layout_rooms, grunt_ministairs_5
D:3:      layout_basic, mainiacjoe_overflow_surrounded_room, st_stairs_14

Skill      XL: |  1  2  3 |
---------------+----------+-----
Spellcasting   | |  9.3
Invocations    | 1 |  1.1
Fighting       | 1 |  1.0
Short Blades   | 1 |  1.0
Long Blades    | 1 |  1.0
Axes           | 1 |  1.0
Maces & Flails | 1 |  1.0
Polearms       | 1 |  1.0
Staves         | 1 |  1.0
Ranged Weapons | 1 |  1.0
Throwing       | 1 |  1.0
Armour         | 1 |  1.0
Dodging        | 1 |  1.0
Stealth        | 1 |  1.0
Shields        | 1 |  1.0
Unarmed Combat | 1 |  1.0
Conjurations   | |  0.7
Hexes          | |  0.7
Summonings     | |  3.8
Necromancy     | |  0.7
Translocations | |  0.7
Transmutations | |  0.7
Fire Magic     | |  0.7
Ice Magic      | |  0.7
Air Magic      | |  0.7
Earth Magic    | |  0.7
Poison Magic   | |  0.7
Evocations     | |  8.5

Action                     || total
---------------------------++-------
  Melee: Dagger            ||   125
         Club              ||    11
         Bite              ||    13
  Evoke: Piece from Xom's  ||    13
         Wand              ||     2
    Use: Potion            ||     2
   Stab: Petrified         ||    13
         Confused          ||     1
         Paralysed         ||     1
         Sleeping          ||     1
 Armour: Robe              ||    16
  Dodge: Dodged            ||    79

Table legend: (Time is in decaauts)
 A = Elapsed time spent in this place.
 B = Non-inter-level travel time spent in this place.
 C = Inter-level travel time spent in this place.
 D = Time resting spent in this place.
 E = Time spent auto-exploring this place.
 F = Levels seen in this place.
 G = Mean time per level.
                   A        B        C        D        E       F      G
               +--------+--------+--------+--------+--------+-----+--------+
         Total |   1684 |   1634 |     50 |     92 |   1237 |   3 |  561.3 |
       Dungeon |   1684 |   1634 |     50 |     92 |   1237 |   3 |  561.3 |
               +--------+--------+--------+--------+--------+-----+--------+

Top non-repeatable levels by time:
     D:1: 985 daAuts
     D:2: 690 daAuts
     D:3: 7 daAuts
